cohdb
Replays
Latest Replays
All Replays
Popular Replays
Top Player Replays
Match Explorer
How It Works
Community
CoH3 Stats
Reddit
Sign in to upload your games and track your stats! →
Sign in with Steam
Match 41227524
Unlisted
Match 41227524
Overview
Messages
Build Orders
End
Vickers Machine Gun Team
Construct Section Command Post
Selects Canadian Shock Battlegroup
ML 3-inch Mortar Team
Infantry Section
Infantry Section
Construct Field Infirmary
Grenade Package
Selects Attacking Spirit
Selects Canadian Shock Section
Canadian Shock Section
Construct Platoon Command Post
Selects Incendiary Munitions
6-pounder Anti-tank Gun Team
CMP 15cwt Truck
Selects Pyrotechnics
Construct Company Command Post
Forward Retreat Point
Crusader II Medium Tank
Infantry Training
Greyshot117
Magmakarp
la
MoriMusic
PayPerPaper
艾西西233
Ceruman
Îudex Gundyr
0
0
Comments
sign in to comment!
No comments posted yet!